 Dungeon Crawl Stone Soup version 0.24.0-1-gfbc8707 (webtiles) character file.

Game seed: 11499669924085896181, levelgen mode: deterministic

66 ChiliFlavouring the Poker (level 4, -5/37 HPs)
             Began as a Merfolk Berserker on Oct 27, 2019.
             Was a Believer of Trog.
             Slain by a worm (7 damage)
             ... on level 2 of the Dungeon.
             The game lasted 00:03:18 (1664 turns).

ChiliFlavouring the Poker (Merfolk Berserker)       Turns: 1664, Time: 00:03:18

Health: -5/37      AC:  5    Str: 18    XL:     4   Next: 15%
Magic:  4/4        EV: 12    Int:  6    God:    Trog [**....]
Gold:   84         SH:  0    Dex: 13    Spells: 3/3 levels left

rFire    . . .     SeeInvis .   a - +0 spear
rCold    . . .     Gourm    .   (no shield)
rNeg     . . .     Faith    .   j - +0 ring mail
rPois    .         Spirit   .   (no helmet)
rElec    .         Reflect  .   (no cloak)
rCorr    .         Harm     .   (no gloves)
MR       .....                  (no boots)
Stlth    +.........             (no amulet)
HPRegen  0.12/turn              (no ring)
MPRegen  0.09/turn              (no ring)

@: berserk cooldown, slowed, very slow
A: change form in water, swift swim, stealthy swim
a: Berserk, Trog's Hand, Renounce Religion


You were on level 2 of the Dungeon.
You worshipped Trog.
Trog was pleased with you.
You were hungry.

You visited 1 branch of the dungeon, and saw 2 of its levels.

You collected 84 gold pieces.

Inventory:

Hand Weapons
 a - a +0 spear (weapon)
Armour
 b - a +0 animal skin
 j - a +0 ring mail (worn)
Jewellery
 e - an uncursed ring of ice {unknown}
 l - a +4 ring of intelligence {unknown}
Scrolls
 h - a scroll of blinking {unknown}
 k - a scroll of amnesia {unknown}
 m - a scroll of identify {unknown}
Potions
 g - a potion of invisibility {unknown}
 i - 2 potions of haste {unknown}
 n - a potion of curing {unknown}
Comestibles
 c - 2 rations
 d - 6 chunks of flesh


   Skills:
 + Level 4.1 Fighting
 + Level 5.4 Polearms
 - Level 1.3 Armour
 + Level 3.9 Dodging


You had 3 spell levels left.
You didn't know any spells.
Your spell library was empty.

Dungeon Overview and Level Annotations

Branches:
Dungeon (2/15)

Altars:


Message History

* * * LOW HITPOINT WARNING * * *
You see here a stone.
You see here a +0 club.
It was a potion of berserk rage.
A red film seems to cover your vision as you go berserk!
You feel yourself moving faster!
You feel mighty!
You feel a strong urge to attack something.
You see here a +0 club.
You feel your anger nearly subside.
A kobold comes into view. It is wielding a +1 whip of venom.
You are no longer berserk.
You are exhausted.
You feel yourself slow down.
The kobold shouts!
The worm bites you!
* * * LOW HITPOINT WARNING * * *
You hit the worm.
The worm is lightly wounded.
The worm bites you!
You die...

#.....#....>..#.#
#####.#.......#.##
#.........#.8#
####.#....#.(#
#......#.##
###########..#)##.≈≈.#
#............#.##.≈≈.#
##.#########.#.8#.≈≈.#
#.# #.#@.#w≈≈.# #.#
#####.#w##.≈≈g# #.#
#...#.#g##.≈≈.# #.#
###...#.#K##sg≈.#
#.###.......#(8#(≈≈.#
#...#.#.....#((#(≈≈.#
###.#.#.....#)##(≈≈.#
#.#.#.....#..+.≈≈.#
#.#.#.....#..#.≈≈.#


You could see a worm, a goblin and a kobold.

Vanquished Creatures
  2 adders (D:2)
  A worm (D:2)
  3 orcs (D:2)
  6 giant cockroaches
  5 goblins
  4 hobgoblins
  4 kobolds
  A ball python (D:1)
  6 bats
  A frilled lizard (D:2)
  9 rats
42 creatures vanquished.

Notes
Turn   | Place    | Note
-------+----------+-------------------------------------------
     0 | D:1      | ChiliFlavouring the Merfolk Berserker began the quest for
                  | the Orb.
     0 | D:1      | Reached XP level 1. HP: 18/18 MP: 1/1
   284 | D:1      | Reached XP level 2. HP: 24/24 MP: 2/2
   818 | D:1      | Reached skill level 5 in Polearms
   891 | D:1      | Reached XP level 3. HP: 28/30 MP: 3/3
  1187 | D:2      | Reached ** piety under Trog
  1461 | D:2      | Reached XP level 4. HP: 32/37 MP: 4/4
  1664 | D:2      | Slain by a worm

Levels and vault maps discovered:
D:1:      dpeg_arrival_pits, layout_basic, minivault_14
D:2:      wad_river_or_something, layout_basic, kennysheep_generic_room_15,
          uniq_jessica

Skill      XL: |  1  2  3 |
---------------+----------+-----
Dodging        | 3 |  3.9
Polearms       | 5 |  5.4
Fighting       | 4 |  4.1
Armour         | |  1.3

Action                   |  1- 3 |  4- 6 || total
-------------------------+-------+-------++-------
Melee: Spear             |   147 |    34 ||   181
  Use: Potion            |       |     1 ||     1
 Stab: Sleeping          |     3 |       ||     3
  Eat: Chunk             |     2 |       ||     2
Armor: Animal skin       |    17 |       ||    17
       Ring mail         |    11 |     6 ||    17
Dodge: Dodged            |    83 |    15 ||    98
